 Dungeon Crawl Stone Soup version 0.29.1-15-g9cfb28693d (webtiles) character file.

Game seed: 5353163265223953257

2081 javelincjr the Magician (level 9, -6/66 HPs)
             Began as a Djinni Conjurer on Mar 11, 2023.
             Was a Follower of Makhleb.
             Mangled by an iguana (12 damage)
             ... on level 6 of the Dungeon.
             The game lasted 00:16:06 (6206 turns).

javelincjr the Magician (Djinni Conjurer)           Turns: 6206, Time: 00:16:06

Health: -6/66      AC:  2    Str: 10    XL:     9   Next: 51%
Gold:   207        EV: 14    Int: 19    God:    Makhleb [*.....] SH:  0 Dex: 13

rFire   + + .      SeeInvis .   q - +4 falchion
rCold   x . .      Faith    .   (no shield)
rNeg    . . .      Spirit   .   a - +0 robe
rPois   ∞          Reflect  .   (no helmet)
rElec   .          Harm     .   (no cloak)
rCorr   .          Rampage  .   (no gloves)
Will    .....                   (boots unavailable)
Stlth   +++.......              r - amulet of regeneration
HPRegen 1.01/turn               (no ring)
MPRegen 0.00/turn               (no ring)

@: flying, very slightly contaminated, slowed, very slow
A: sickness immunity, fire resistance 2, cold vulnerability 1, float, innate
caster, HP casting, extra vitality 1
a: Renounce Religion


You were on level 6 of the Dungeon.
You worshipped Makhleb.
Makhleb was aware of your devotion.
You visited 2 branches of the dungeon, and saw 7 of its levels.

You collected 207 gold pieces.

Inventory:

Hand Weapons
 q - a +4 falchion (weapon)
Armour
 a - a +0 robe (worn)
Magical Staves
 i - a staff of cold
Jewellery
 r - an amulet of regeneration (around neck)
Scrolls
 f - 6 scrolls of enchant armour
 h - a scroll of poison
 j - a scroll of enchant weapon {unknown}
 l - a scroll of magic mapping
 n - 3 scrolls of vulnerability {unknown}
 o - a scroll of teleportation {unknown}
Potions
 b - a potion of might {unknown}
 d - a potion of magic {unknown}
 e - a potion of attraction {unknown}
 g - 3 potions of curing
 k - a potion of heal wounds {unknown}
 m - a potion of invisibility {unknown}
 p - a potion of haste {unknown}
 s - a potion of berserk rage {unknown}


   Skills:
 * Level 5.9 Fighting
 + Level 4.2 Armour
 + Level 5.5 Dodging
 + Level 4.5 Stealth
 * Level 5.9 Spellcasting


You couldn't memorise any spells.
You knew the following spells:

 Your Spells              Type           Power      Damage    Failure   Level
a - Magic Dart            Conj           100%       1d8       1%          1
b - Searing Ray           Conj           56%        2d6       1%          2
c - Dazzling Flash        Conj/Hex       56%        N/A       3%          3
d - Fulminant Prism       Conj/Hex       14%        3d9       10%         4
e - Iskenderun's Mystic   Conj/Tloc      28%        2d7       10%         4
f - Slow                  Hex            100%       N/A       1%          1
g - Scorch                Fire           56%        2d7       1%          2
h - Passwall              Tmut/Erth      23%        N/A       1%          2
i - Airstrike             Air            14%        2d(2-18)  10%         4
Your spell library was empty.

Dungeon Overview and Level Annotations

Branches:
Dungeon (6/15)             Temple (1/1) D:4

Altars:
Ashenzari
Cheibriados
Dithmenos
Fedhas
Gozag
Hepliaklqana
Makhleb
Nemelex Xobeh
Okawaru
Qazlal
Ru
Trog
Wu Jian
Xom
The Shining One


Innate Abilities, Weirdness & Mutations

You are immune to sickness and miasma.
You are immune to poison.
Your flesh is very heat resistant. (rF++)
You are vulnerable to cold. (rC-)
You float through the air rather than walking.
You learn spells naturally, not from books.
Your magical power is your life essence.
You have superior vitality. (+4 MHP)


Message History

The wraith is heavily damaged.
The wraith is knocked back by the mystic blast.
The wraith hits you. The wraith drains your vigour!
You feel as though you will be slow longer.
The hound closely misses you.
Casting: Iskenderun's Mystic Blast (dangerous; 10% risk of failure)
Confirm with . or Enter, or press ? or * to list all spells.
You erupt in a blast of force!
The mystic blast hits the hound!
You kill the hound!
Makhleb accepts your kill.
You can now gain health from killing.
The mystic blast hits the wraith but does no damage.
The wraith is heavily damaged.
The wraith hits you.
Casting: Iskenderun's Mystic Blast (dangerous; 10% risk of failure)
Confirm with . or Enter, or press ? or * to list all spells.
You erupt in a blast of force!
The mystic blast hits the wraith but does no damage.
The wraith is heavily damaged.
The wraith hits you! x2
Casting: Iskenderun's Mystic Blast (dangerous; 10% risk of failure)
Confirm with . or Enter, or press ? or * to list all spells.
You miscast Iskenderun's Mystic Blast.
You are very lightly contaminated with residual magic.
Nothing appears to happen.
* * * LOW HITPOINT WARNING * * *
The wraith hits you!
* * * LOW HITPOINT WARNING * * *
The wraith drains your vigour!
You feel as though you will be slow longer.
The iguana closely misses you.
Okay, then.
Okay, then.
You feel better. The wraith hits you!
* * * LOW HITPOINT WARNING * * *
The wraith drains your vigour!
You feel as though you will be slow longer.
The iguana misses you. The wraith hits you.
* * * LOW HITPOINT WARNING * * *
The iguana bites you!
You die...

.... ....#.## #..#
.# ...#... #..#..#
##.....# ###.. ..#
##......# .... ...
........# #.###.#
#.# #..W. #..##.#
#.# #.... #@l.#†#
#.###....
##W#..####..l†.#..
###.>.....#######
#######.# ...#
##..# #..# #..#
....


You could see a wraith and an iguana.

Vanquished Creatures
  Pikel (D:4)
  Sigmund (D:2)
  2 water moccasins
  An ice beast (D:6)
  A black bear (D:6)
  3 lemures (D:4)
  A necrophage (D:5)
  4 scorpions
  4 wights (D:4)
  A jelly (D:3)
  6 hounds
  2 orc priests (D:3)
  An iron imp (D:4)
  Terence (D:2)
  2 iguanas
  3 gnolls (D:5)
  5 adders
  A shadow imp (D:5)
  A white imp (D:5)
  4 dart slugs
  7 orcs
  5 endoplasms
  6 giant cockroaches
  9 goblins
  9 hobgoblins
  3 quokkas
  4 ball pythons
  7 bats
  2 frilled lizards
  A kobold (D:3)
  6 rats
104 creatures vanquished.

Vanquished Creatures (others)
  11 fulminant prisms
11 creatures vanquished.

Grand Total: 115 creatures vanquished

Notes
Turn   | Place    | Note
-------+----------+-------------------------------------------
     0 | D:1      | javelincjr the Djinni Conjurer began the quest for the Orb.
     0 | D:1      | javelincjr set off with the following spells memorised:
                  | Magic Dart, Searing Ray, Dazzling Flash, Fulminant Prism,
                  | Iskenderun's Mystic Blast.
     0 | D:1      | Reached XP level 1. HP: 15/15 MP: 0/0
   307 | D:1      | Reached XP level 2. HP: 20/21 MP: 0/0
   744 | D:1      | Reached XP level 3. HP: 18/25 MP: 0/0
   744 | D:1      | Learned a level 1 spell: Slow
  1075 | D:1      | Found a faded altar of an unknown god.
  1546 | D:2      | Noticed Terence
  1559 | D:2      | Killed Terence
  1560 | D:2      | Reached skill level 1 in Fighting
  1560 | D:2      | Reached XP level 4. HP: 4/32 MP: 0/0
  1868 | D:2      | Noticed Sigmund
  1877 | D:2      | Killed Sigmund
  1878 | D:2      | Reached skill level 1 in Armour
  1878 | D:2      | Reached XP level 5. HP: 25/38 MP: 0/0
  1878 | D:2      | Learned a level 2 spell: Scorch
  1878 | D:2      | Reached XP level 6. HP: 28/43 MP: 0/0
  2328 | D:3      | Found an ornate altar of the Wu Jian Council.
  3203 | D:3      | Reached XP level 7. HP: 43/49 MP: 0/0
  3203 | D:3      | Learned a level 2 spell: Passwall
  3993 | D:4      | HP: 2/50 [adder (3)]
  5095 | D:4      | Reached XP level 8. HP: 57/58 MP: 0/0
  5153 | D:4      | Found a snail-covered altar of Cheibriados.
  5262 | D:4      | Found a staircase to the Ecumenical Temple.
  5271 | Temple   | Entered the Ecumenical Temple
  5283 | Temple   | Became a worshipper of Makhleb the Destroyer
  5346 | D:4      | Noticed Pikel
  5366 | D:4      | Killed Pikel
  5367 | D:4      | Reached skill level 5 in Spellcasting
  5535 | D:5      | Entered Level 5 of the Dungeon
  5783 | D:5      | Reached skill level 5 in Fighting
  5783 | D:5      | Reached skill level 5 in Dodging
  5783 | D:5      | Reached XP level 9. HP: 50/65 MP: 0/0
  5783 | D:5      | Learned a level 4 spell: Airstrike
  5813 | D:5      | Found a shadowy altar of Dithmenos.
  5814 | D:5      | Found a hazy altar of Hepliaklqana.
  6047 | D:5      | Found an iron altar of Okawaru.
  6203 | D:6      | Reached * piety under Makhleb
  6206 | D:6      | Mangled by an iguana

Illustrated notes

Levels and vault maps discovered:
D:1:      giann_horns, layout_loops_ring, shapermc_ecumenical_altar_petra
D:2:      layout_rooms, columned_hall_lemuel, uniq_sigmund, uniq_terence
D:3:      layout_basic, mainiacjoe_overflow_tiny_flanked
D:4:      layout_basic, chei_slow_surprise, minmay_temple_entry_junction,
          uniq_pikel
D:5:      layout_cave_pools, riverfiend_overflow_shadow_ancestor,
          kennysheep_okawaru_gauntlet
D:6:      hangedman_cross_stitches, layout_loops_ring,
          grunt_temple_overflow_magic_moments, nicolae_shop_clearance
Temple:   eino_wide_crystal_templ

Skill      XL: |  1  2  3  4  5  6  7  8  9 |
---------------+----------------------------+-----
Stealth        | 2 3 4 |  4.5
Fighting       | 1 2 3 5 |  5.9
Dodging        | 3 4 5 |  5.5
Armour         | 1 2 3 4 |  4.2
Spellcasting   | 4 5 |  5.9

Action                   |  1- 3 |  4- 6 |  7- 9 || total
-------------------------+-------+-------+-------++-------
Melee: Short sword       |       |     1 |     1 ||     2
       Falchion          |       |       |     7 ||     7
 Cast: Magic Dart        |    67 |    32 |    40 ||   139
       Searing Ray       |     2 |     7 |     4 ||    13
       Fulminant Prism   |       |     5 |     6 ||    11
       Iskenderun's Myst |       |     6 |    15 ||    21
       Scorch            |       |       |    24 ||    24
       Airstrike         |       |       |    24 ||    24
  Use: Potion            |       |       |     3 ||     3
       Scroll            |       |       |     7 ||     7
Armor: Robe              |     1 |       |     4 ||     5
Dodge: Dodged            |     6 |     5 |    39 ||    50
